 Dungeon Crawl Stone Soup version 0.31-a0-276-ge00219d475 (webtiles) character file.

Game seed: 12943987230393728684

60517 hurrrdurrr the Warrior (level 14, -32/140 HPs)
             Began as a Minotaur Berserker on July 15, 2023.
             Was a High Priest of Trog.
             Killed from afar by Nikola (81 damage)
             ... with an arc of chain lightning
             ... on level 1 of the Spider Nest.
             The game lasted 04:31:20 (18802 turns).

hurrrdurrr the Warrior (Minotaur Berserker)        Turns: 18802, Time: 04:31:21

Health: -32/140    AC: 18    Str: 31    XL:     14   Next: 57%
Magic:  13/13      EV: 15    Int:  4    God:    Trog [*****.]
Gold:   1701       SH:  0    Dex: 12    Spells: 13/13 levels left

rFire   . . .        Q - +1 morningstar of Compound Interest {elec, *Corrode rElec rPois rC++}
rCold   + + .        (no shield)
rNeg    . . .        H - +4 ring mail "Qepped Vufe" {*Slow Slay+2 SInv}
rPois   +            Z - +1 hat
rElec   +            t - +2 cloak {rCorr}
rCorr   +            j - +1 pair of gloves
SInv    +            (no boots)
Will    +....        l - amulet of the acrobat
Stlth   +            x - +6 ring of strength
HPRegen 0.43/turn    C - ring of poison resistance
MPRegen 0.13/turn

%: corrode self (3%), slow self (1%), acrobat
@: on berserk cooldown, slowed, very slow
A: horns 2, retaliatory headbutt
a: Renounce Religion, Berserk, Trog's Hand, Brothers in Arms


You were on level 1 of the Spider Nest.
You worshipped Trog.
Trog was extremely pleased with you.
You visited 3 branches of the dungeon, and saw 19 of its levels.
You also visited: Sewer, Gauntlet and Volcano.

You collected 1701 gold pieces.

Inventory:

Hand Weapons
 d - a +3 lajatang of flaming
 i - a +2 antimagic halberd
 o - the +8 frozen axe "Frostbite" {freeze, freezing cloud, *Noise Fly rC+}
   (You found it in a Gauntlet)

   rC:        It protects you from cold.
   Fly:       It grants you flight.
   *Noise:    It may make noises in combat.
 Q - the +1 morningstar of Compound Interest (weapon) {elec, *Corrode rElec rPois rC++}
   (You found it on level 1 of the Lair of Beasts)

   rC:        It greatly protects you from cold.
   rElec:     It insulates you from electricity.
   rPois:     It protects you from poison.
   *Corrode:  It may corrode you when you take damage.
 S - a +5 halberd of venom
 T - a +5 quarterstaff of protection
Missiles
 w - 2 curare-tipped darts
 F - 4 silver javelins
 K - 14 javelins (quivered)
Armour
 j - a +1 pair of gloves (worn)
 t - a +2 cloak of preservation (worn)
 H - the +4 ring mail "Qepped Vufe" (worn) {*Slow Slay+2 SInv}
   (You found it in a Gauntlet)

   Slay:      It affects your accuracy & damage with ranged weapons and melee
   (+2).
   SInv:      It lets you see invisible.
   *Slow:     It may slow you when you take damage.
 I - the +3 salamander hide armour {Flames, rFlCloud rF++ rC--}
   (You found it in a Gauntlet)

   Flames:    It surrounds you with flame clouds and enhances your fire magic.
   rFlCloud:  It grants immunity to flame clouds.
   rF:        It greatly protects you from fire.
   rC:        It makes you very vulnerable to cold.
 Z - a +1 hat (worn)
Jewellery
 l - an amulet of the acrobat (around neck)
 x - a +6 ring of strength (left hand)
 z - a +6 ring of strength
 C - a ring of poison resistance (right hand)
 G - a ring of willpower
Wands
 m - a wand of digging (5)
 q - a wand of charming (19)
 B - a wand of iceblast (9)
 R - a wand of flame (42)
 V - a wand of quicksilver (3)
 W - a wand of polymorph (11)
 Y - a wand of mindburst (8)
Scrolls
 a - 2 scrolls of blinking
 b - a scroll of butterflies
 y - 4 scrolls of enchant armour
 A - 4 scrolls of fear
 E - a scroll of identify
 J - a scroll of revelation
 M - 2 scrolls of fog
 N - 7 scrolls of vulnerability
 O - a scroll of poison
 U - a scroll of torment
 X - 3 scrolls of teleportation
Potions
 e - 6 potions of curing
 f - 6 potions of might
 g - 2 potions of resistance
 h - 2 potions of magic
 k - 2 potions of haste
 n - a potion of berserk rage
 p - 2 potions of lignification
 s - 10 potions of ambrosia
 u - 4 potions of enlightenment
 v - 5 potions of heal wounds
 D - a potion of cancellation
 L - 2 potions of attraction
 P - 4 potions of mutation
Miscellaneous
 c - a phantom mirror
 r - a lightning rod (4/4)


   Skills:
 + Level 17.1 Fighting
 * Level 16.5(17.0) Axes
 - Level 6.6(14.1) Polearms
 - Level 10.7(11.4) Staves
 + Level 7.5 Throwing
 + Level 12.1 Armour
 + Level 11.1 Dodging
 - Level 1.0 Invocations
 - Level 3.7 Evocations


You had 13 spell levels left.
You didn't know any spells.
Your spell library contained the following spells:

 Spells                   Type           Power      Damage    Failure   Level
 Foxfire                  Conj/Fire      0%         2x1d4     58%         1
 Freeze                   Ice            0%         1d3       58%         1
 Magic Dart               Conj           0%         1d3       58%         1
 Sandblast                Erth           0%         2d4       58%         1
 Sting                    Tmut/Pois      0%         1d3       58%         1
 Call Imp                 Summ           0%         N/A       73%         2
 Cigotuvi's Dreadful Rot  Necr/Pois/Air  0%         N/A       73%         2
 Passwall                 Tmut/Erth      0%         N/A       73%         2
 Poisonous Vapours        Pois/Air       0%         N/A       73%         2
 Frozen Ramparts          Ice            0%         1d1       91%         3
 Hailstorm                Conj/Ice       0%         3d3       91%         3
 Ignite Poison            Fire/Tmut/Pois 0%         N/A       91%         3
 Mephitic Cloud           Conj/Pois/Air  0%         N/A       91%         3
 Stone Arrow              Conj/Erth      0%         3d7       91%         3
 Leda's Liquefaction      Hex/Erth       0%         N/A       100%        4
 Olgreb's Toxic Radiance  Pois           0%         N/A       100%        4
 Borgnjor's Vile Clutch   Necr/Erth      0%         N/A       100%        5
 Freezing Cloud           Conj/Ice/Air   0%         6-21      100%        5
 Iskenderun's Battlesphe  Conj           0%         2d6       100%        5
 Eringya's Noxious Bog    Tmut/Pois      0%         4d6       100%        6
 Leda's Unmaking          Conj/Erth      0%         9d1       100%        6
 Plasma Beam              Fire/Air       0%         2x1d10    100%        6
 Starburst                Conj/Fire      0%         6d3       100%        6
 Spellforged Servitor     Conj/Summ      0%         N/A       100%        7


Dungeon Overview and Level Annotations

Branches:
Dungeon (13/15)            Temple (0/1) D:5            Lair (5/5) D:10
 Shoals (0/4) Lair:2       Spider (1/4) Lair:3        Slime (0/5) Lair:5
  Sewer (visited)         Volcano (visited)         Gauntlet (visited)
    Orc: D:9-12      Vaults: D:13-14

Altars:
Ashenzari
Cheibriados
Fedhas
Hepliaklqana
Kikubaaqudgha
Makhleb
Sif Muna
Zin
The Shining One
Jiyva

Shops:
D:1 [   D:6 [

Portals:
Trove: D:10 (give horn of Geryon)

Annotations:
Lair:2 2 transporters, Olga's ghost, journeyman FeBe
Spider:1 Nikola


Innate Abilities, Weirdness & Mutations

You have a pair of horns on your head.
You reflexively headbutt those who attack you in melee.


Message History

You completely miss Nikola. You headbutt Nikola.
Nikola is lightly wounded.
Nikola misses you. Nikola barely misses you.
You puncture Nikola! Lightning courses through Nikola!
Nikola is lightly wounded.
Nikola hits you but does no damage.
You barely miss Nikola.
Nikola is lightly wounded.
Nikola hits you but does no damage.
You puncture Nikola! Lightning courses through Nikola!!
You headbutt Nikola, but do no damage.
Nikola is moderately wounded.
Nikola hits you but does no damage.
You sock Nikola!
Nikola is moderately wounded.
Nikola hits you but does no damage.
Nikola says, "There's a spark of magic in your eyes."
Nikola hits you with a +0 rapier of electrocution!
You impale Nikola!!
Nikola is heavily wounded.
Nikola closely misses you. You furiously retaliate!
You headbutt Nikola. You sock Nikola!
Nikola is heavily wounded.
Nikola hits you but does no damage.
You sock Nikola! Lightning courses through Nikola!!
Nikola is severely wounded.
Nikola mumbles some strange words.
Lightning arcs from Nikola's hands!
The bolt of lightning hits you!!! You resist.
* * * LOW HITPOINT WARNING * * *
A bolt of lightning appears from out of thin air!
The bolt of lightning hits Nikola.
Nikola barely misses you.
You feel better. Nikola hits you but does no damage.
You impale Nikola!!
Nikola is almost dead.
Nikola gestures wildly while chanting.
Lightning arcs from Nikola's hands!
The bolt of lightning hits you!!!! You resist.
Ouch! That really hurt!
You die...

#.....## ## ##......
#......# ##.# ##.......
#.....^# ####(.##
#......^. #....(.#
###^.....# #........
#......# #........##
#........ ###....#
#.........# #........
###..#
#.........###........
#..###..........###.......
##..##....@@.....#
#.......
#......#..........
##.....#
###.....##..........
###..##
#.^....####......... ####
#.....## #.........
##......## ##........
#........## ##.......
##.........## .......
#...........#


You could see Nikola.

Vanquished Creatures
  An emperor scorpion (Spider:1)
  A stone giant (Volcano)
  A minotaur (Gauntlet)
  3 hydras
  5 catoblepae (Lair:5)
  A two-headed ogre (D:12)
  6 death yaks (Lair:5)
  2 boulder beetles
  4 demonic crawlers (Spider:1)
  Urug (Lair:4)
  A soul eater (Gauntlet)
  A skeletal warrior (D:12)
  2 orb spiders (Spider:1)
  A steelbarb worm (Spider:1)
  Pikel (D:5)
  3 manticores
  A wolf spider (Spider:1)
  4 elephants (Lair:4)
  An apocalypse crab (Gauntlet)
  4 black mambas
  2 gargoyles
  A torpor snail (Lair:5)
  4 rime drakes
  7 cane toads
  13 komodo dragons
  An efreet (Volcano)
  A freezing wraith (D:13)
  2 queen bees
  A polar bear (Lair:3)
  4 meliai
  2 trolls
  A wind drake (Lair:2)
  A tarantella (Spider:1)
  9 blink frogs (Lair:4)
  Prince Ribbit (D:6)
  Grinder (D:3)
  15 dream sheep
  3 culicivoras (Spider:1)
  5 jumping spiders (Spider:1)
  2 shadows
  Eustachio (D:5)
  2 wraiths
  7 wyverns
  69 yaks
  4 basilisks
  4 vampire mosquitoes (D:11)
  A fire elemental (Volcano)
  8 redbacks (Spider:1)
  A steam dragon (D:8)
  Grum (Lair:1)
  An acid dragon (D:10)
  9 water moccasins
  Duvessa (D:7)
  4 orc warriors
  2 black bears (D:6)
  2 ice beasts
  19 wolves
  A lemure (D:5)
  6 centaurs
  2 phantoms
  3 kobold brigands
  8 bullfrogs
  An earth elemental (Volcano)
  A gnoll sergeant (D:10)
  6 scorpions
  11 wights
  Dowan (D:7)
  27 killer bees
  5 electric eels
  4 howler monkeys
  5 orc priests
  Crazy Yiuf (D:3)
  2 hounds
  4 sleepcaps
  7 orc wizards
  4 gnolls (D:10)
  4 adders
  3 river rats
  2 shadow imps (Gauntlet)
  An ufetubus (D:5)
  A dart slug (D:2)
  23 orcs
  7 endoplasms
  5 giant cockroaches
  8 goblins
  2 hobgoblins
  12 jackals
  15 kobolds
  A quokka (D:1)
  5 ball pythons
  4 bats
  3 frilled lizards
  10 rats
461 creatures vanquished.

Vanquished Creatures (collateral kills)
  A rat (D:5)
1 creature vanquished.

Vanquished Creatures (others)
  A culicivora (Spider:1)
1 creature vanquished.

Grand Total: 463 creatures vanquished

Notes
Turn   | Place    | Note
-------+----------+-------------------------------------------
     0 | D:1      | hurrrdurrr the Minotaur Berserker began the quest for the
                  | Orb.
     0 | D:1      | Reached XP level 1. HP: 19/19 MP: 0/0
    36 | D:1      | Found Vasoraown's Armour Shoppe.
    95 | D:1      | Reached XP level 2. HP: 21/27 MP: 1/1
   101 | D:1      | Reached skill level 4 in Fighting
   749 | D:2      | Reached XP level 3. HP: 33/33 MP: 2/2
   845 | D:2      | Reached ** piety under Trog
  1399 | D:3      | Found a glowing silver altar of Zin.
  1399 | D:3      | Noticed an angel
  1576 | D:3      | Found an ancient bone altar of Kikubaaqudgha.
  1577 | D:3      | Found a burning altar of Makhleb.
  1593 | D:3      | Found a faded altar of an unknown god.
  1663 | D:3      | Found a shimmering blue altar of Sif Muna.
  1732 | D:3      | Found a snail-covered altar of Cheibriados.
  1746 | D:3      | Noticed Grinder
  1751 | D:3      | Killed Grinder
  1752 | D:3      | Reached skill level 5 in Fighting
  1752 | D:3      | Reached skill level 5 in Polearms
  1752 | D:3      | Reached XP level 4. HP: 42/42 MP: 3/3
  1752 | D:3      | Reached XP level 5. HP: 48/48 MP: 4/4
  1997 | D:3      | Found a runed translucent door.
  1997 | D:3      | Noticed Crazy Yiuf
  2051 | D:3      | Killed Crazy Yiuf
  2052 | D:3      | Reached XP level 6. HP: 56/56 MP: 5/5
  2108 | D:4      | Identified a scroll of acquirement
  2108 | D:4      | Acquired a manual of Fighting
  2269 | D:4      | Reached skill level 6 in Fighting
  2584 | D:4      | Noticed an orc warrior
  2614 | D:4      | Killed an orc warrior
  2615 | D:4      | Reached skill level 7 in Fighting
  2615 | D:4      | Reached XP level 7. HP: 37/66 MP: 6/6
  3688 | D:5      | Entered Level 5 of the Dungeon
  3734 | D:5      | Reached skill level 1 in Staves
  3770 | D:5      | Reached skill level 8 in Fighting
  3784 | D:5      | Noticed Eustachio
  3799 | D:5      | Killed Eustachio
  3835 | D:5      | Reached skill level 9 in Fighting
  3835 | D:5      | Reached skill level 5 in Armour
  3835 | D:5      | Reached XP level 8. HP: 78/78 MP: 7/7
  4061 | D:5      | Found a glowing drain.
  4075 | Sewer    | Entered a sewer
  4085 | Sewer    | Reached *** piety under Trog
  4178 | Sewer    | Reached skill level 10 in Fighting
  4220 | Sewer    | Found a white marble altar of Elyvilon.
  4392 | D:5      | Found a staircase to the Ecumenical Temple.
  4465 | D:5      | Noticed Pikel
  4482 | D:5      | Killed Pikel
  4483 | D:5      | Reached skill level 11 in Fighting
  4483 | D:5      | Reached skill level 5 in Staves
  4483 | D:5      | Reached skill level 5 in Dodging
  4586 | D:5      | Reached XP level 9. HP: 73/89 MP: 8/8
  5311 | D:6      | Reached skill level 1 in Evocations
  5330 | D:6      | Found a glowing golden altar of the Shining One.
  5451 | D:6      | Found Zoipiuk's Armour Boutique.
  5539 | D:6      | Reached skill level 12 in Fighting
  5646 | D:6      | Noticed Prince Ribbit
  5663 | D:6      | Killed Prince Ribbit
  6218 | D:7      | Noticed Duvessa
  6218 | D:7      | Noticed Dowan
  6225 | D:7      | Killed Duvessa
  6235 | D:7      | Killed Dowan
  6308 | D:7      | Got Zumoasonk's Secrets of the Syncline and Metamorphosis
  6890 | D:8      | Reached skill level 13 in Fighting
  7074 | D:8      | Reached XP level 10. HP: 91/101 MP: 9/9
  7681 | D:9      | Found a broken altar of Ashenzari.
  7756 | D:9      | Found a blossoming altar of Fedhas.
  7827 | D:9      | Found a hazy altar of Hepliaklqana.
  7841 | D:9      | Reached skill level 14 in Fighting
  8293 | D:9      | Noticed a gargoyle
  8300 | D:9      | Killed a gargoyle
  8609 | D:10     | Entered Level 10 of the Dungeon
  8662 | D:10     | Reached skill level 15 in Fighting
  8664 | D:10     | Reached **** piety under Trog
  9011 | D:10     | Reached skill level 1 in Invocations
  9076 | D:10     | Found a staircase to the Lair.
  9164 | D:10     | Found a portal to a secret trove of treasure.
  9517 | D:11     | Reached XP level 11. HP: 102/113 MP: 10/10
  9728 | D:11     | Reached skill level 10 in Staves
  9806 | D:11     | Noticed a boulder beetle
  9824 | D:11     | Killed a boulder beetle
  9835 | D:11     | You fall into a shaft and drop 2 floors!
  9898 | D:13     | Reached skill level 16 in Fighting
  9898 | D:13     | Reached skill level 1 in Throwing
 10007 | D:12     | Noticed a skeletal warrior
 10027 | D:12     | Killed a skeletal warrior
 10050 | D:12     | Noticed a two-headed ogre
 10061 | D:12     | Killed a two-headed ogre
 10421 | Lair:1   | Entered Level 1 of the Lair of Beasts
 10485 | Lair:1   | Found a gate leading to a gauntlet.
 10516 | Gauntlet | Entered a Gauntlet
 10516 | Gauntlet | Found a transporter.
 10516 | Gauntlet | Found a transporter.
 10522 | Gauntlet | Found a transporter.
 10537 | Gauntlet | Found a transporter.
 10555 | Gauntlet | Found a transporter.
 10567 | Gauntlet | Found a transporter.
 10569 | Gauntlet | Noticed a death yak
 10571 | Gauntlet | Noticed a death yak
 10571 | Gauntlet | Noticed a death yak
 10571 | Gauntlet | Noticed a death yak
 10572 | Gauntlet | Noticed a necromancer
 10587 | Gauntlet | Found a transporter.
 10587 | Gauntlet | Noticed a minotaur
 10657 | Gauntlet | Found a transporter.
 10672 | Gauntlet | Found a transporter.
 10686 | Gauntlet | Noticed a soul eater
 10690 | Gauntlet | Found the +8 frozen axe "Frostbite" {freeze, freezing
                  | cloud, *Noise Fly rC+}
 10696 | Gauntlet | Found a transporter.
 10703 | Gauntlet | Found a transporter.
 10723 | Gauntlet | Found a transporter.
 10744 | Gauntlet | Noticed a tengu warrior
 10800 | Gauntlet | Found a transporter.
 10800 | Gauntlet | Found a transporter.
 10810 | Gauntlet | Found a transporter.
 10813 | Gauntlet | Found a transporter.
 10813 | Gauntlet | Noticed an oklob plant
 10858 | Gauntlet | Reached skill level 1 in Axes
 10928 | Gauntlet | Killed a soul eater
 10990 | Gauntlet | Reached skill level 5 in Axes
 10994 | Gauntlet | Identified the +0 helmet of Hezis {rC+++ Will- Str-3 Dex+8}
 11051 | Gauntlet | Killed a minotaur
 11084 | Gauntlet | Found the +3 salamander hide armour {Flames, rFlCloud rF++
                  | rC--}
 11090 | Gauntlet | Identified the +4 ring mail "Qepped Vufe" {*Slow Slay+2
                  | SInv}
 11090 | Gauntlet | Identified the +8 whip of Zeumaall {heavy, Contam rElec
                  | Str+3}
 11475 | Lair:1   | Noticed Grum
 11486 | Lair:1   | Killed Grum
 11498 | Lair:1   | Reached XP level 12. HP: 121/124 MP: 11/11
 11513 | Lair:1   | Identified the +1 morningstar of Compound Interest {elec,
                  | *Corrode rElec rPois rC++}
 11639 | Lair:1   | Reached skill level 10 in Axes
 12233 | Lair:2   | Reached ***** piety under Trog
 12412 | Lair:2   | Found a transporter.
 12413 | Lair:2   | Noticed Olga's ghost (journeyman FeBe)
 12556 | Lair:2   | Found a transporter.
 13002 | Lair:2   | Found a staircase to the Shoals.
 13353 | Lair:3   | Noticed an eight-headed hydra
 13359 | Lair:3   | Killed an eight-headed hydra
 13752 | Lair:3   | Received a gift from Trog
 14042 | Lair:3   | Noticed a five-headed hydra
 14048 | Lair:3   | Killed a five-headed hydra
 14049 | Lair:3   | Reached XP level 13. HP: 130/130 MP: 12/12
 14201 | Lair:3   | Found a hole to the Spider Nest.
 14521 | Lair:4   | Found a dark tunnel.
 14579 | Volcano  | Entered a volcano
 14698 | Volcano  | Noticed a stone giant
 14705 | Volcano  | Killed a stone giant
 14706 | Volcano  | Reached skill level 17 in Fighting
 14706 | Volcano  | Reached skill level 10 in Armour
 15034 | Lair:4   | Noticed Urug
 15052 | Lair:4   | Killed Urug
 15247 | Lair:4   | Reached skill level 5 in Throwing
 15981 | Lair:5   | Entered Level 5 of the Lair of Beasts
 15991 | Lair:5   | Reached skill level 10 in Dodging
 16384 | Lair:5   | Reached skill level 15 in Axes
 16451 | Lair:5   | Found a viscous altar of Jiyva.
 16452 | Lair:5   | Found a staircase to the Slime Pits.
 16582 | Lair:5   | Reached XP level 14. HP: 87/140 MP: 13/13
 16933 | Lair:5   | Received a gift from Trog
 17685 | Spider:1 | Entered Level 1 of the Spider Nest
 18301 | Spider:1 | Noticed an emperor scorpion
 18313 | Spider:1 | Killed an emperor scorpion
 18785 | Spider:1 | Noticed Nikola
 18802 | Spider:1 | Killed from afar by Nikola

Illustrated notes

Levels and vault maps discovered:
D:1:      amcnicky_arrival_blooded_trapdoor, layout_basic, serial_shops, shop
D:2:      layout_rooms, serial_forest, infiniplex_forest_straight_3,
          infiniplex_forest_lined_3_way, infiniplex_forest_zigzag_1,
          infiniplex_forest_clump_small, infiniplex_forest_fountain,
          infiniplex_forest_lined_1, infiniplex_forest_lined_room_3,
          infiniplex_forest_zigzag_1, infiniplex_forest_clump_small,
          kennysheep_minor_cross, kennysheep_small_spiral
D:3:      layout_loops_cross, mainiacjoe_overflow_catwalk, zin_angel,
          nicolae_overflow_hidden_temple,
          shapermc_ecumenical_altar_totnotflames, uniq_grinder,
          uniq_crazy_yiuf_cottage
D:4:      layout_basic
D:5:      layout_loops_cross, minmay_temple_entry_large_hall,
          portal_sewer_entry_b, uniq_eustachio, uniq_pikel
D:6:      black_bear_nest_1, layout_basic, kennysheep_mini, serial_shops,
          shop_statue, uniq_prince_ribbit1
D:7:      layout_basic, uniq_duvessa
D:8:      layout_gridville
D:9:      layout_stronghold, old_standard_altar, serial_column_ruins,
          column_ruins_hut_ruined, column_ruins_courtyard_long,
          column_ruins_open_small_water, column_ruins_grid_1,
          column_ruins_columns_plus, column_ruins_grid_2,
          column_ruins_open_small, column_ruins_grid_1, hangedman_feature_mirror
D:10:     layout_irregular_city, lair_entry_dummy, nicolae_trove_entry_crystal
D:11:     layout_rooms
D:12:     layout_stronghold, david_orc_3, minivault_28
D:13:     layout_roguey, lightli_vaults_fourway_checkpoint
Lair:1:   layout_cave_pods, gauntlet_entry_generic, grunt_megastairs_1,
          infiniplex_staircase_pool, uniq_grum
Lair:2:   layout_roguey, minmay_shoals_entry_beasts, nzn_ghost_randoct,
          serial_bayou_shore_b, lemuel_fruit_fields, lemuel_fruit_fields
Lair:3:   layout_loops_ring, hellmonk_spider_entry_not_the_bees,
          nicolae_quartered_pool_super, grunt_megastairs_2
Lair:4:   layout_roguey, special_room [special_room_bee],
          nicolae_volcano_entry_two_sided, serial_bayou_lagoon_b, uniq_urug
Lair:5:   evilmike_catoblepas_cave, layout_hall_layers, slime_entry_1
Spider:1: layout_cave_pods, uniq_nikola

Skill      XL: |  1  2  3  4  5  6  7  8  9 10 11 12 13 14 |
---------------+-------------------------------------------+-----
Fighting       | 4 5 7 9 11 13 15 16 17 | 17.1
Polearms       | 4 5 6 |  6.6
Armour         | 3 4 5 6 7 8 9 11 12 | 12.1
Dodging        | 3 4 5 6 7 8 10 11 | 11.1
Staves         | 3 5 7 9 10 | 10.7
Evocations     | 2 3 |  3.7
Invocations    | 1 |  1.0
Throwing       | 1 3 6 7 |  7.5
Axes           | 9 13 15 16 | 16.5

Action                     |  1- 3 |  4- 6 |  7- 9 | 10-12 | 13-15 || total
---------------------------+-------+-------+-------+-------+-------++-------
  Melee: Spear             |   124 |     5 |       |       |       ||   129
         Headbutt          |    13 |     3 |    31 |    66 |    56 ||   169
         Quarterstaff      |       |    32 |   186 |   187 |       ||   405
         Executioner's axe |       |       |       |   132 |   237 ||   369
         Morningstar       |       |       |       |    26 |    21 ||    47
  Throw: Dart              |     6 |    23 |    70 |    81 |       ||   180
         Javelin           |       |       |       |    26 |    56 ||    82
 Invoke: Berserk           |     1 |     1 |     5 |    10 |     6 ||    23
         Trog's Hand       |       |     1 |     2 |     4 |     4 ||    11
  Evoke: Wand              |       |       |       |     1 |       ||     1
    Use: Scroll            |     4 |     4 |    10 |    10 |       ||    28
         Potion            |       |     1 |     2 |     5 |     2 ||    10
   Stab: Confused          |       |       |     1 |       |       ||     1
 Armour: Animal skin       |     4 |       |       |       |       ||     4
         Leather armour    |     3 |       |       |       |     2 ||     5
         Ring mail         |     2 |       |       |    62 |   132 ||   196
         Scale mail        |    16 |     9 |    61 |    27 |       ||   113
         Troll leather arm |       |       |       |    23 |       ||    23
  Dodge: Dodged            |    48 |    21 |   106 |   250 |   195 ||   620

Table legend: (Time is in decaauts)
 A = Elapsed time spent in this place.
 B = Non-inter-level travel time spent in this place.
 C = Inter-level travel time spent in this place.
 D = Time resting spent in this place.
 E = Time spent auto-exploring this place.
 F = Levels seen in this place.
 G = Mean time per level.
                   A        B        C        D        E       F      G
               +--------+--------+--------+--------+--------+-----+--------+
         Total |  19103 |  18458 |    645 |    896 |  12700 |  22 |  868.3 |
       Dungeon |  10171 |   9711 |    460 |    276 |   7212 |  13 |  782.4 |
          Lair |   6470 |   6286 |    184 |    468 |   4391 |   5 | 1294.0 |
   Spider Nest |   1125 |   1125 |      0 |    137 |    749 |   1 | 1125.0 |
         Sewer |    379 |    379 |      0 |      0 |    160 |   1 |  379.0 |
       Volcano |    289 |    289 |      0 |     13 |    187 |   1 |  289.0 |
      Gauntlet |    669 |    669 |      0 |      0 |      0 |   1 |  669.0 |
               +--------+--------+--------+--------+--------+-----+--------+

Top non-repeatable levels by time:
     D:4: 1602 daAuts
  Lair:4: 1478 daAuts
  Lair:5: 1472 daAuts
  Lair:3: 1189 daAuts
  Lair:1: 1165 daAuts
  Lair:2: 1164 daAuts
Spider:1: 1125 daAuts
     D:6: 1095 daAuts
     D:9: 967 daAuts
    D:10: 916 daAuts
     D:5: 911 daAuts
     D:3: 831 daAuts
     D:8: 826 daAuts
     D:7: 821 daAuts
Gauntlet: 669 daAuts
